 Dungeon Crawl Stone Soup version 0.31-a0-187-gba352fbbf7 (webtiles) character file.

Game seed: 9061417058499864783

256 qw the Skirmisher (level 5, 0/30 HPs)
             Began as a Deep Elf Hunter on June 22, 2023.
             Slain by an orc
             ... wielding a +0 dagger
              (2 damage)
             ... on level 4 of the Dungeon.
             The game lasted 00:01:01 (2263 turns).

qw the Skirmisher (Deep Elf Hunter)                 Turns: 2263, Time: 00:01:01

Health: 0/30       AC:  7    Str: 10    XL:     5   Next: 92%
Magic:  7/7        EV: 11    Int: 14    God:
Gold:   168        SH:  0    Dex: 18    Spells: 4/4 levels left

rFire   . . .        Y - +0 shortbow
rCold   . . .        (shield currently unavailable)
rNeg    . . .        h - +0 ring mail
rPois   .            (helmet restricted)
rElec   .            (no cloak)
rCorr   .            (no gloves)
SInv    .            (no boots)
Will    .....        (no amulet)
Stlth   +            (no ring)
HPRegen 0.25/turn    (no ring)
MPRegen 0.10/turn

%: no passive effects
@: no status effects
A: antennae 1, iridescent scales 1, high MP 1
a: no special abilities


You were on level 4 of the Dungeon.
You visited 1 branch of the dungeon, and saw 4 of its levels.

You collected 168 gold pieces.


Innate Abilities, Weirdness & Mutations

You have a pair of small antennae on your head.
You are partially covered in iridescent scales. (AC +2)
You have an increased reservoir of magic. (+10% MP)


   Skills:
 - Level 2.2 Fighting
 + Level 9.1 Ranged Weapons
 - Level 2.4 Dodging
 - Level 1.2 Stealth


You had 4 spell levels left.
You didn't know any spells.
Your spell library was empty.

Inventory:

Hand Weapons
 Y - a +0 shortbow (weapon)
Armour
 h - a +0 ring mail (worn)
Jewellery
 f - a ring of fire
Scrolls
 i - a scroll of identify
Potions
 a - a potion of lignification {unknown}
 b - a potion of haste {unknown}
 c - a potion of brilliance {unknown}
 d - 2 potions of mutation
 e - a potion of attraction {unknown}

Dungeon Overview and Level Annotations

Branches:
Dungeon (4/15)
 Temple: D:4-7

Altars:
The Shining One


Message History

The adder misses you. The orc barely misses you.
The orc hits you with a +0 club.
You shoot an arrow. The arrow hits the adder!
The adder is severely wounded.
The adder closely misses you. The orc barely misses you.
The orc closely misses you.
You shoot an arrow. The arrow hits the adder.
The adder is almost dead.
The adder barely misses you. The orc hits you but does no damage.
The orc closely misses you. The adder bites you but does no damage.
You shoot an arrow. The arrow completely misses the adder.
The adder barely misses you. The orc hits you but does no damage.
The orc closely misses you. The adder barely misses you.
You shoot an arrow. The arrow closely misses the adder.
The orc barely misses you. The orc hits you with a +0 dagger.
The adder barely misses you. The orc hits you with a +0 club.
The orc closely misses you.
You shoot an arrow.
The arrow hits the adder but does no damage.
The adder is almost dead.
The adder misses you. The orc hits you but does no damage.
The orc barely misses you. The adder closely misses you.
You shoot an arrow.
The arrow hits the adder but does no damage.
The adder is almost dead.
The adder bites you but does no damage. The orc hits you with a +0 dagger.
The orc misses you.
You shoot an arrow. The arrow misses the adder.
The adder barely misses you. The orc hits you with a +0 dagger.
The orc closely misses you.
You shoot an arrow. The arrow closely misses the adder.
The adder bites you but does no damage. The orc hits you but does no damage.
The orc hits you with a +0 club. The adder closely misses you.
You shoot an arrow. The arrow hits the adder.
You kill the adder!
The orc hits you but does no damage. The orc barely misses you.
You shoot an arrow. The arrow hits the orc.
The orc is lightly wounded.
The orc hits you but does no damage. The orc hits you with a +0 dagger.
You die...

......... #.
..........# #.
..........# #.
..........# ##.
..........# ###
##.. ....).....#
#.# #...
..........###.# #.
#..#
......%o..##..# ..
##..
...)..o@......###.
##^.
......####...##...
#... ....# #..##
#.###... ... ##.##
#..#.... .
##...#####......
#...............
#..####...###....
#...# ##.## ##)..
....# #.## #...


You could see 2 orcs.

Vanquished Creatures
  2 orc priests (D:4)
  Jessica (D:3)
  An orc wizard (D:4)
  Robin (D:3)
  4 adders
  A worm (D:2)
  2 dart slugs (D:1)
  4 orcs (D:4)
  8 endoplasms
  5 giant cockroaches
  16 goblins
  14 hobgoblins
  5 kobolds (D:1)
  2 quokkas (D:2)
  3 ball pythons
  7 bats
  5 frilled lizards
  5 rats
86 creatures vanquished.

Notes
Turn   | Place    | Note
-------+----------+-------------------------------------------
     0 | D:1      | qw the Deep Elf Hunter began the quest for the Orb.
     0 | D:1      | Reached XP level 1. HP: 12/12 MP: 3/3
     0 | D:1      | 0 ||| qw: Version: 0.3-a-9-g12657ce
     0 | D:1      | 0 ||| qw: Game counter: 2570
     0 | D:1      | 0 ||| qw: Always use a shield: true
     0 | D:1      | 0 ||| qw: God list: Okawaru
     0 | D:1      | 0 ||| qw: Allow faded altars: false
     0 | D:1      | 0 ||| qw: Do Orc after D:15 true
     0 | D:1      | 0 ||| qw: Do second Lair branch before Depths: true
     0 | D:1      | 0 ||| qw: Lair rune preference: random
     0 | D:1      | 0 ||| qw: Plans: Normal
     0 | D:1      | 0 ||| PLANNING D:1-11
    51 | D:1      | Reached skill level 6 in Ranged Weapons
    51 | D:1      | Reached XP level 2. HP: 16/16 MP: 4/4
   178 | D:1      | Found a faded altar of an unknown god.
   279 | D:1      | Reached XP level 3. HP: 20/20 MP: 5/5
   575 | D:1      | 575 ||| UPGRADING to +0 helmet.
   580 | D:1      | 580 ||| READING scroll labelled AWNOOC TUCICS.
   581 | D:1      | 581 ||| DROPPING scroll of butterflies.
   628 | D:2      | Reached skill level 7 in Ranged Weapons
   870 | D:2      | Found a glowing golden altar of the Shining One.
  1120 | D:2      | Reached XP level 4. HP: 25/25 MP: 6/6
  1277 | D:2      | 1277 ||| UPGRADING to +0 ring mail.
  1287 | D:2      | 1287 ||| DROPPING +0 leather armour.
  1288 | D:2      | 1288 ||| READING scroll labelled FOTZUI QABRE.
  1289 | D:2      | 1289 ||| READING 2 scrolls labelled WAHANU GUPECI.
  1390 | D:2      | 1390 ||| READING 2 scrolls labelled RIACKEU EFEA.
  1391 | D:2      | 1391 ||| DRINKING 3 dark potions.
  1391 | D:2      | Gained mutation: You have a pair of small antennae on your
                  | head. [potion of mutation]
  1391 | D:2      | Gained mutation: You have an increased reservoir of magic.
                  | (+10% MP) [potion of mutation]
  1391 | D:2      | Gained mutation: You are partially covered in iridescent
                  | scales. (AC +2) [potion of mutation]
  1392 | D:2      | 1392 ||| DROPPING +0 helmet.
  1393 | D:2      | 1393 ||| DROPPING scroll of silence.
  1693 | D:3      | Noticed Jessica
  1695 | D:3      | Killed Jessica
  1696 | D:3      | Reached skill level 8 in Ranged Weapons
  1934 | D:3      | Reached XP level 5. HP: 29/29 MP: 7/7
  1944 | D:3      | Noticed Robin
  1947 | D:3      | Killed Robin
  2057 | D:4      | Reached skill level 9 in Ranged Weapons
  2257 | D:4      | HP: 7/30 [orc/+0 club (1)]
  2261 | D:4      | HP: 1/30 [orc/+0 club (3)]
  2263 | D:4      | Slain by an orc

Levels and vault maps discovered:
D:1:      heliophobic_arrival_dark_side_of_the_moon, layout_rooms,
          shapermc_ecumenical_altar_starsandcircs, serial_bayou_pond_d
D:2:      layout_loops_cross, basic_altar
D:3:      layout_loops_cross, feat_on_display, uniq_robin, uniq_jessica
D:4:      layout_layer_cave, serial_shops, shop, chequers_serial_rivers_micro_c,
          st_stairs_6, minmay_misc_feat_hallway

Skill      XL: |  1  2  3  4  5 |
---------------+----------------+-----
Ranged Weapons | 6 7 8 9 |  9.1
Fighting       | 2 |  2.2
Dodging        | |  2.4
Stealth        | |  1.2

Action                     |  1- 3 |  4- 6 || total
---------------------------+-------+-------++-------
   Fire: Shortbow          |   133 |   120 ||   253
    Use: Scroll            |     1 |     3 ||     4
         Potion            |       |     1 ||     1
 Armour: Leather armour    |    15 |       ||    15
         Ring mail         |       |    25 ||    25
  Dodge: Dodged            |    36 |    56 ||    92

Table legend:
 A = Non-vault XP
 B = Vault XP
 C = Vault XP percentage of total XP
 D = Non-vault monster count
 E = Vault monster count
 F = Vault count percentage of total count
                 A         B        C        D         E       F
            +---------+---------+-------+---------+---------+-------
      Total |     299 |      67 |  18.3 |      76 |      10 |  11.6
            +---------+---------+-------+---------+---------+-------
        D:1 |      52 |       0 |   0.0 |      30 |       0 |   0.0
        D:2 |      47 |       0 |   0.0 |      20 |       0 |   0.0
        D:3 |      52 |      65 |  55.6 |      16 |       9 |  36.0
        D:4 |     148 |       2 |   1.3 |      10 |       1 |   9.1
            +---------+---------+-------+---------+---------+-------
